 Dungeon Crawl Stone Soup version 0.16-a0-4002-g2d13b8e (console) character file.

40324 MarvinPA the Geomancer (level 13, -4/102 HPs)
             Began as a Demigod Earth Elementalist on Feb 14, 2015.
             Killed from afar by a frost giant (55 damage)
             ... with a bolt of cold
             ... in an ice cave.
             The game lasted 00:52:59 (26823 turns).

MarvinPA the Geomancer (DgEE)                      Turns: 26823, Time: 00:53:00

Health: -4/102     AC:  7    Str: 11    XL:     13   Next: 39%
Magic:  1/30       EV: 17    Int: 27    God:
Gold:   773        SH:  0    Dex: 16    Spells: 5 memorised, 11 levels left

rFire  + . .     SeeInvis .     a - +0 lajatang
rCold  . . .     Clarity  .     J - +2 leather armour {rPois}
rNeg   . . .     SustAb   +     (no shield)
rPois  +         Gourm    .     (no helmet)
rElec  .         Spirit   .     (no cloak)
rCorr  .         Warding  .     B - +0 pair of gloves
rMut   +         Stasis   .     y - +0 pair of boots
MR     +....                    m - amulet of resist mutation
Stlth  ++........               F - ring of protection from fire
                                E - ring of wizardry

@: very slightly contaminated, hasted, very quick, somewhat resistant to hostile
enchantments, unstealthy
A: sustain abilities
a: no special abilities


You were in an ice cave.
You were not hungry.

You visited 2 branches of the dungeon, and saw 16 of its levels.
You also visited: Sewer and Ice Cave.

You collected 976 gold pieces.
You spent 203 gold pieces at shops.


Innate Abilities, Weirdness & Mutations

Your attributes are resistant to harm.


   Skills:
 + Level 6.2 Fighting
 - Level 8.0 Staves
 - Level 8.6 Dodging
 + Level 2.9 Stealth
 - Level 7.0 Spellcasting
 - Level 8.2 Conjurations
 - Level 5.2 Transmutations
 - Level 11.9 Earth Magic
 - Level 6.0 Evocations


You had 11 spell levels left.
You knew the following spells:

 Your Spells              Type           Power        Failure   Level  Hunger
a - Stoneskin             Trmt/Erth      ######..     1%          2    None
c - Petrify               Trmt/Erth      ######..     1%          4    ##.....
x - Stone Arrow           Conj/Erth      ######       1%          3    None
z - Sandblast             Erth           ######       1%          1    None
X - Lee's Rapid Deconstr  Erth           ######....   1%          5    #####..

Inventory:

Hand weapons
 a - a +0 lajatang (weapon)
 c - a +3 whip of venom
Missiles
 b - 29 stones (quivered)
 h - 4 curare-tipped needles {=f}
 v - a throwing net {=f}
Armour
 y - a +0 pair of boots (worn)
 B - a +0 pair of gloves (worn)
 J - a +2 leather armour of poison resistance (worn)
Jewellery
 m - an amulet of resist mutation (around neck)
 r - a ring of teleport control
 t - a ring of poison resistance
 E - a ring of wizardry (left hand)
 F - a ring of protection from fire (right hand)
Magical devices
 u - a wand of hasting (6) {!d@v3}
 H - a wand of cold (3)
 O - a wand of paralysis (12)
 Q - a wand of paralysis (9)
 R - a wand of hasting (3) {!d@v3}
 S - a wand of fireball (0)
Scrolls
 d - 2 scrolls of fear
 e - a scroll of blinking
 k - 5 scrolls of identify {@r1}
 l - 2 scrolls of immolation {!r}
 p - 2 scrolls of holy word
 q - 2 scrolls of magic mapping
 s - 10 scrolls of remove curse
 C - a scroll of fog
 G - 7 scrolls of teleportation {@r4}
 K - 2 scrolls of summoning
 P - a scroll of amnesia
Potions
 g - a potion of flight
 j - 2 potions of heal wounds {@q2}
 n - 9 potions of curing {@q1}
 o - a potion of restore abilities
 w - 3 potions of brilliance
 x - a potion of agility
 z - a potion of might
 D - 2 potions of cancellation
 I - a potion of beneficial mutation
 L - a potion of cure mutation
 N - 2 potions of berserk rage {!q}
Miscellaneous
 A - a disc of storms
Comestibles
 f - 12 bread rations
 i - 10 meat rations
 M - 4 chunks of flesh

Dungeon Overview and Level Annotations

Branches:
Dungeon (9/15)             Temple (0/1) D:6            Lair (7/8) D:9
  Swamp (0/5) Lair:6        Snake (0/5) Lair:6          Orc (0/4) D:9
  Slime: Lair:6-8

Shops:
D:4 ( D:9

[ ...#
#.†#
#.C##
#..#
#..##
##.h#
##Y#
#C.#
##p.#
#..##
#..#
##.##
#.
#..# .
#..# #
#†##
### #
#..#
##.# #
#..#
#..###


You could see a frost giant, a yak and a wolf.


Message History

The stone arrow hits the frost giant.
The frost giant is severely wounded.
The frost giant casts a spell at you. The bolt of cold hits you!
* * * LOW HITPOINT WARNING * * *
Evoke which item? (* to show all) (? for menu, Esc to quit)
Zapping:
O - a wand of paralysis (will waste charges)
Aim: a frost giant, wielding a battleaxe of freezing (severely wounded, chance 13%)
Okay, then.
Unknown command.
Drink which item? (? for menu, Esc to quit)
You feel much better.
Unknown command.
Wield which item (- for none, * to show all)? (? for menu, Esc to quit)
a - a +0 lajatang (weapon)
Drink which item? (? for menu, Esc to quit)
Okay, then.
Drink which item? (? for menu, Esc to quit)
Okay, then.
The frost giant gestures at you while chanting.
The bolt of cold hits you!
* * * LOW HITPOINT WARNING * * *
Drink which item? (? for menu, Esc to quit)
Really quaff
N - 2 potions of berserk rage {!q}?
You're too hungry to go berserk.
Eat one of 5 chunks of flesh? (ye/n/q/i?)
The frost giant casts a spell at you. The bolt of cold hits you!
Ouch! That really hurt!
You die...

Action                   |  1- 3 |  4- 6 |  7- 9 | 10-12 | 13-15 || total
-------------------------+-------+-------+-------+-------+-------++-------
Melee: Unarmed           |    15 |       |       |       |       ||    15
       Hand axe          |     1 |    39 |       |       |       ||    40
       Whip              |       |       |    41 |   138 |    18 ||   197
       Lajatang          |       |       |       |    11 |    30 ||    41
 Cast: Sandblast         |    73 |   153 |   127 |   213 |    88 ||   654
       Stoneskin         |       |     5 |     5 |    25 |     4 ||    39
       Stone Arrow       |       |       |   141 |   346 |    43 ||   530
       Lee's Rapid Decon |       |       |       |    29 |    16 ||    45
       Petrify           |       |       |       |       |     1 ||     1
Evoke: Wand              |       |       |       |     2 |     4 ||     6
  Use: Scroll            |       |       |    19 |    14 |       ||    33
       Potion            |       |       |     1 |     3 |     4 ||     8
 Stab: Sleeping          |     1 |       |       |       |       ||     1
  Eat: Chunk             |     4 |     8 |    26 |    35 |    12 ||    85
       Fruit             |       |       |     4 |     2 |       ||     6
       Beef jerky        |       |       |     2 |       |       ||     2
       Royal jelly       |       |       |       |     3 |       ||     3

Vault maps used:
D:1:      dpeg_arrival_morbid_curiosity, serial_bayou_lagoon_a,
          minmay_misc_feat_ornament, minmay_misc_feat_x
D:2:      ashenzari_altar_1, hangedman_decor_points, st_stairs_9
D:4:      serial_co_window_serial, co_window_cross_1, co_window_corner_a,
          co_window_paths_a, co_window_corner_a, co_window_paths_a,
          co_window_paths_a, co_window_corner_a, co_window_of_opportunity_b,
          co_window_corner_b, co_window_corner_b, co_window_cross_3,
          co_window_4corner_a, co_window_4corner_b, glass_columns_a,
          glass_columns_b, glass_columns_c, glass_columns_c, serial_shops, shop,
          portal_sewer_entry_a, first_bread, uniq_grinder, uniq_prince_ribbit1
D:5:      tgw_kikubaaqudgha
D:6:      minmay_temple_entry_from_below_a, uniq_sigmund, uniq_menkaure
D:7:      grunt_ministairs_10, the_bakery
D:9:      erik_lair_orcish_takeover, orc_david_3, minmay_joined_circles
Lair:1:   infiniplex_staircase_pool_2, uniq_nergalle
Lair:2:   uniq_erica
Lair:3:   serial_bayou_shore_a, serial_bayou_shore_b
Lair:4:   dragon1_lemuel, lemuel_fruit_fields
Lair:5:   boulder_quad_collide, minivault_29
Lair:6:   swamp_mist_pool, guppyfry_snake_entry_island, lemuel_fruit_tree
Lair:7:   portal_ice_cave_entry_ice_beasts, grunt_forest_large_clearings,
          grunt_megastairs_2
Sewer:    kennysheep_pipe_town
IceCv:    ice_cave_small_giant

Notes
Turn   | Place    | Note
--------------------------------------------------------------
     0 | D:1      | MarvinPA, the Demigod Earth Elementalist, began the quest for the Orb.
     0 | D:1      | Reached XP level 1. HP: 14/14 MP: 3/3
   291 | D:1      | Reached skill level 2 in Spellcasting
   358 | D:1      | Reached skill level 3 in Earth Magic
   475 | D:1      | Reached XP level 2. HP: 20/20 MP: 3/5
   905 | D:1      | Reached XP level 3. HP: 22/26 MP: 4/8
  1106 | D:1      | Learned a level 2 spell: Stoneskin
  1110 | D:1      | Learned a level 3 spell: Stone Arrow
  1824 | D:2      | Found a shattered altar of Ashenzari.
  2001 | D:2      | Reached skill level 3 in Spellcasting
  2105 | D:2      | Reached XP level 4. HP: 33/33 MP: 9/12
  2120 | D:2      | Reached skill level 1 in Conjurations
  3284 | D:3      | Noticed MarvinPA's ghost (average DgEE)
  3327 | D:3      | Killed MarvinPA's ghost
  3327 | D:3      | Reached skill level 2 in Conjurations
  3327 | D:3      | Reached skill level 4 in Earth Magic
  3327 | D:3      | Reached XP level 5. HP: 26/38 MP: 0/14
  3780 | D:4      | Noticed Prince Ribbit
  3784 | D:4      | Noticed Grinder
  3982 | D:4      | Noticed an ogre
  3993 | D:4      | Killed an ogre
  3993 | D:4      | Reached skill level 3 in Conjurations
  3993 | D:4      | Reached XP level 6. HP: 5/45 MP: 7/17
  4173 | D:4      | Found Wyunosoxt's Antique Weapon Boutique.
  4194 | D:4      | Found a glowing drain.
  4305 | Sewer    | Entered a sewer
  4563 | Sewer    | Reached skill level 5 in Earth Magic
  4765 | D:4      | Killed Prince Ribbit
  4765 | D:4      | Reached skill level 4 in Conjurations
  4765 | D:4      | Reached XP level 7. HP: 33/50 MP: 12/18
  4887 | D:4      | Identified a wand of hasting
  4888 | D:4      | good
  5172 | D:4      | Reached skill level 6 in Earth Magic
  5208 | D:4      | Learned a level 5 spell: Lee's Rapid Deconstruction
  5217 | D:4      | Noticed an ogre
  5222 | D:4      | Killed an ogre
  5222 | D:4      | Reached skill level 5 in Conjurations
  5516 | D:4      | Noticed an ogre
  5539 | D:4      | Killed an ogre
  5989 | D:4      | Killed Grinder
  5989 | D:4      | Reached XP level 8. HP: 57/57 MP: 6/20
  6171 | D:4      | Bought a glowing whip for 50 gold pieces
  6172 | D:4      | Bought a runed whip for 50 gold pieces
  6207 | D:5      | Entered Level 5 of the Dungeon
  6475 | D:5      | Reached skill level 6 in Conjurations
  6475 | D:5      | Reached skill level 7 in Earth Magic
  6739 | D:5      | Found an ancient bone altar of Kikubaaqudgha.
  7671 | D:6      | Noticed Menkaure
  7673 | D:6      | Killed Menkaure
  7925 | D:6      | Reached skill level 7 in Conjurations
  7925 | D:6      | Reached skill level 8 in Earth Magic
  8071 | D:6      | Noticed Sigmund
  8076 | D:6      | Killed Sigmund
  8463 | D:6      | Reached XP level 9. HP: 39/62 MP: 1/21
  8834 | D:4      | Bought a runed dagger for 40 gold pieces
  9516 | D:7      | Reached skill level 8 in Conjurations
  9772 | D:7      | Reached skill level 9 in Earth Magic
 10186 | D:7      | You fall through a shaft!
 10393 | D:6      | Found a staircase to the Ecumenical Temple.
 10399 | D:7      | Reached skill level 4 in Spellcasting
 12127 | D:9      | Reached skill level 5 in Spellcasting
 12293 | D:9      | Reached XP level 10. HP: 63/69 MP: 21/25
 12305 | D:9      | Reached skill level 10 in Earth Magic
 12465 | D:9      | Killed an unseen horror
 12538 | D:9      | Reached skill level 6 in Spellcasting
 12855 | D:9      | Found Thor Rarch's Armour Shop.
 12863 | D:9      | Reached skill level 1 in Fighting
 13101 | D:9      | Found a staircase to the Orcish Mines.
 13111 | D:9      | Reached skill level 2 in Fighting
 13449 | D:9      | Bought a +0 pair of boots for 63 gold pieces
 13641 | D:9      | Found a staircase to the Lair.
 13642 | D:9      | Reached skill level 3 in Fighting
 13654 | D:9      | Reached skill level 11 in Earth Magic
 13921 | D:9      | Learned a level 4 spell: Petrify
 14156 | Lair:1   | Entered Level 1 of the Lair of Beasts
 14429 | Lair:1   | Noticed Nergalle
 14526 | Lair:1   | Noticed a spectral orc warlord
 14527 | Lair:1   | Killed Nergalle
 14527 | Lair:1   | Reached skill level 4 in Fighting
 14527 | Lair:1   | Reached skill level 1 in Transmutations
 14699 | Lair:1   | Reached skill level 2 in Transmutations
 14956 | Lair:1   | Reached skill level 3 in Transmutations
 14956 | Lair:1   | Reached XP level 11. HP: 82/85 MP: 16/27
 15228 | Lair:1   | Identified a potion of resistance
 15417 | Lair:2   | Reached skill level 4 in Transmutations
 15620 | Lair:2   | Noticed Erica
 15628 | Lair:2   | Killed Erica
 15628 | Lair:2   | Reached skill level 5 in Transmutations
 15751 | Lair:2   | Reached skill level 5 in Fighting
 15751 | Lair:2   | Reached skill level 2 in Dodging
 15984 | Lair:2   | Reached skill level 3 in Dodging
 16162 | Lair:2   | Reached skill level 4 in Dodging
 16263 | Lair:2   | Reached skill level 5 in Dodging
 16735 | Lair:2   | Reached skill level 6 in Dodging
 17496 | Lair:3   | Reached skill level 7 in Dodging
 18408 | Lair:4   | Noticed an ice dragon
 18634 | Lair:4   | You fall through a shaft!
 18750 | Lair:5   | Reached skill level 8 in Dodging
 19599 | Lair:5   | Reached XP level 12. HP: 94/94 MP: 10/29
 20374 | Lair:6   | Reached skill level 7 in Spellcasting
 20710 | Lair:6   | Reached skill level 1 in Evocations
 20715 | Lair:6   | Reached skill level 2 in Evocations
 20957 | Lair:6   | Reached skill level 3 in Evocations
 21163 | Lair:6   | Reached skill level 4 in Evocations
 21320 | Lair:6   | Found a staircase to the Swamp.
 21398 | Lair:6   | Noticed a six-headed hydra
 21402 | Lair:6   | Killed a six-headed hydra
 21402 | Lair:6   | Reached skill level 5 in Evocations
 21572 | Lair:6   | Found a staircase to the Snake Pit.
 21731 | Lair:6   | Reached skill level 6 in Evocations
 22787 | Lair:4   | Noticed a death yak
 22789 | Lair:4   | Noticed a death yak
 22789 | Lair:4   | Noticed a death yak
 22795 | Lair:4   | Reached skill level 1 in Staves
 22810 | Lair:4   | Noticed a death yak
 22812 | Lair:4   | Noticed a death yak
 22816 | Lair:4   | Killed a death yak
 22816 | Lair:4   | Reached skill level 2 in Staves
 23072 | Lair:4   | Reached skill level 3 in Staves
 23717 | Lair:4   | Reached skill level 4 in Staves
 24163 | Lair:3   | Killed a death yak
 24163 | Lair:3   | Reached skill level 5 in Staves
 24163 | Lair:3   | Reached XP level 13. HP: 46/102 MP: 0/30
 24413 | Lair:4   | Killed an ice dragon
 25269 | Lair:6   | Reached skill level 6 in Staves
 25806 | Lair:7   | Found a frozen archway.
 25939 | IceCv    | Entered an ice cave
 25945 | IceCv    | Reached skill level 7 in Staves
 25991 | IceCv    | HP: 9/102 [polar bear (18)]
 26311 | IceCv    | Reached skill level 8 in Staves
 26512 | IceCv    | Reached skill level 2 in Stealth
 26531 | IceCv    | Reached skill level 6 in Fighting
 26800 | IceCv    | Noticed a frost giant
 26823 | IceCv    | Killed from afar by a frost giant

Vanquished Creatures
  An ice dragon (Lair:4)
  A hydra (Lair:6)
  Erica (Lair:2)
  2 death yaks
  Nergalle (Lair:1)
  A catoblepas (Lair:6)
  An unseen horror (D:9)
  An ice statue (IceCv)
  3 griffons
  A lindwurm (Lair:5)
  8 elephants
  A queen ant (Lair:6)
  3 black mambas
  11 spiny frogs
  7 komodo dragons
  2 fire drakes
  12 polar bears
  A two-headed ogre (D:9)
  Grinder (D:4)
  Prince Ribbit (D:4)
  11 blink frogs
  18 yaks
  A basilisk (Lair:3)
  A spriggan (D:7)
  2 deep elf magi (D:9)
  3 hippogriffs
  A fire elemental (Lair:2)
  2 wargs (D:9)
  7 porcupines
  Menkaure (D:6)
  20 soldier ants
  10 water moccasins
  12 wolves
  10 orc warriors
  15 ice beasts
  3 phantoms
  5 centaurs
  3 nagas (Lair:6)
  2 black bears
  A sky beast (D:6)
  5 ogres
  The ghost of MarvinPA the Digger, an average DgEE (D:3)
  Sigmund (D:6)
  19 crocodiles
  A boring beetle (Lair:5)
  12 giant frogs
  4 big kobolds
  A gnoll sergeant (D:9)
  A wyvern zombie (D:9)
  4 killer bees
  3 scorpions
  A wight (D:9)
  2 goliath beetles
  An electric eel (Lair:6)
  2 crimson imps (D:9)
  11 hounds
  A lava snake (Lair:2)
  A giant frog skeleton (D:9)
  2 jellies (D:6)
  6 orc priests
  6 orc wizards
  26 worker ants
  5 iguanas
  21 sheep
  A killer bee zombie (D:6)
  A hound skeleton (D:7)
  16 adders
  4 gnolls
  16 river rats
  A shadow imp (D:9)
  3 worms
  4 giant mites
  2 adder skeletons
  An adder zombie (D:7)
  3 giant geckos
  4 oozes
  44 orcs
  6 ball pythons
  24 bats
  A bat skeleton (D:4)
  20 goblins
  17 hobgoblins
  16 jackals
  16 quokkas
  8 giant cockroaches
  5 giant newts
  32 kobolds
  A quokka skeleton (D:8)
  19 rats
  A plant (Sewer)
591 creatures vanquished.

Vanquished Creatures (others)
  A human (D:5)
  3 fungi
  A plant (Lair:4)
5 creatures vanquished.

Grand Total: 596 creatures vanquished
